Map: Glace et chrome EC

Players

AGOElazer (Elazer)

  • Race: Zerg Zerg
  • League: Master
  • Spawn Location: 7:00

Denver - Winner!

  • Race: Zerg Zerg
  • League: Grandmaster
  • Spawn Location: 1:00

Event: DreamHack SC2 Masters 2020 Fall

VOD

Have the link to the VOD?

Description

Time

  • Played on: Sept. 6, 2020, 2:05 p.m.
  • Length: 10:34

All games in this series

Show
View Real Time Build Order
Export as new Build Order

AGOElazer Zerg 

Build Orders: Hatch First, Zergling Baneling 

Get SALT Encoding   

  12  0:00  Drone  
  13  0:12  Overlord  
  13  0:16  Drone  
  14  0:30  Drone x2  
  16  0:47  Hatchery  
  15  0:50  Drone  
  15  0:54  Drone  
  17  0:57  Drone  
  18  1:07  Extractor  
  17  1:12  Spawning Pool  
  17  1:15  Drone  
  17  1:19  Drone  
  18  1:28  Drone  
  19  1:38  Drone  
  20  1:51  Drone  
  21  1:59  Queen x2  
  21  2:00  Drone, Overlord  
  26  2:08  Metabolic Boost  
  26  2:10  Drone  
  26  2:12  Drone  
  28  2:22  Drone x2  
  30  2:32  Zergling x2  
  30  2:34  Hatchery  
  30  2:37  Drone  
  30  2:42  Drone  
  30  2:43  Drone  
  33  2:49  Baneling Nest  
  32  2:54  Overlord  
  32  2:55  Drone  
  33  3:04  Drone x2  
  35  3:06  Overlord  
  35  3:08  Drone  
  36  3:13  Zergling x4  
  36  3:14  Drone x2  
  36  3:18  Zergling x2  
  36  3:19  Drone  
  42  3:30  Drone x2, Lair  
  44  3:36  Extractor  
  44  3:39  Drone x3  
  44  3:41  Drone x4  
  50  3:45  Queen  
  50  3:48  Drone x2  
  54  3:55  Overlord  
  54  3:56  Drone x2  
  56  4:03  Evolution Chamber  
  56  4:05  Extractor  
  56  4:07  Extractor  
  56  4:09  Overlord  
  53  4:11  Drone x3  
  53  4:12  Drone x2  
  53  4:13  Drone  
  53  4:14  Drone  
  53  4:15  Zergling x2  
  53  4:16  Zergling x2  
  61  4:17  Zergling x2  
  61  4:21  Zergling x2  
  61  4:22  Baneling  
  61  4:23  Baneling x2  
  63  4:25  Zergling x2  
  63  4:27  Baneling x3  
  63  4:28  Zergling x2  
  63  4:29  Zergling x2  
  66  4:38  Zerg Melee Weapons Level 1  
  66  4:39  Zergling x4  
  67  4:52  Zergling x16  
  74  4:55  Spire  
  74  4:56  Baneling x2  
  73  5:02  Zergling x2  
  73  5:03  Queen  
  73  5:05  Overlord  
  71  5:12  Zergling x12  
  73  5:15  Baneling x2  
  73  5:19  Queen  
  73  5:26  Zergling x4  
  72  5:30  Queen, Zergling x4  
  70  5:38  Drone x3  
  73  5:47  Zergling x2  
  73  6:02  Baneling x3  
  73  6:04  Queen x2  
  73  6:07  Queen  
  73  6:08  Mutalisk  
  73  6:09  Overlord  
  71  6:13  Drone x6  
  75  6:23  Zergling x8  
  61  6:33  Zergling x2  
  59  6:40  Mutalisk x5  
  63  6:51  Mutalisk  
  63  6:52  Mutalisk  
  61  6:54  Zergling x2  
  59  7:05  Overseer  
  59  7:07  Zergling x10  
  58  7:15  Zergling x10  
  60  7:19  Zergling x4  
  61  7:24  Zergling x4  
  61  7:28  Mutalisk  
  60  7:41  Drone x5  
  61  7:44  Drone  
  61  7:49  Drone  
  62  8:04  Drone x5, Queen  
  69  8:09  Queen  
  71  8:21  Zerg Flyer Weapons Level 1  
  71  8:23  Mutalisk  
  74  8:27  Zergling x10  
  74  8:33  Zergling x2  
  78  8:40  Zergling x4  
  75  8:53  Drone x4  
  79  8:57  Drone x2  
  79  9:03  Mutalisk  
  79  9:08  Mutalisk  
  83  9:23  Overlord x2  
  83  9:37  Zergling x2  
  83  9:38  Zergling x10, Hatchery  
  74  9:42  Zergling x2  
  61  10:00  Zergling x10  
Show
View Real Time Build Order
Export as new Build Order

Denver Zerg - Winner!

Build Orders: Hatch First 

Get SALT Encoding   

  12  0:00  Drone  
  13  0:12  Overlord  
  13  0:17  Drone  
  14  0:31  Drone x2  
  16  0:48  Hatchery  
  15  0:52  Drone  
  15  0:56  Drone  
  17  0:59  Drone  
  18  1:10  Extractor  
  17  1:14  Spawning Pool  
  17  1:18  Drone  
  17  1:21  Drone  
  18  1:29  Drone  
  19  1:40  Drone  
  20  1:50  Drone  
  21  2:01  Queen x2, Overlord  
  21  2:02  Zergling x2  
  26  2:10  Metabolic Boost  
  26  2:12  Drone  
  26  2:13  Drone  
  28  2:22  Drone x2  
  30  2:36  Hatchery  
  29  2:37  Drone  
  29  2:41  Drone  
  29  2:44  Drone  
  32  2:45  Drone  
  33  2:54  Baneling Nest  
  33  2:56  Overlord  
  33  2:58  Drone  
  33  3:04  Queen  
  35  3:08  Drone  
  35  3:12  Burrow  
  36  3:15  Drone x2  
  36  3:17  Drone  
  39  3:21  Zergling x4  
  39  3:25  Drone  
  42  3:28  Overlord  
  42  3:36  Zergling x4  
  42  3:37  Evolution Chamber, Zergling x2  
  44  3:42  Overlord  
  44  3:48  Drone  
  44  3:49  Drone x3  
  44  3:52  Zergling x4  
  50  3:58  Zergling x6  
  50  4:01  Baneling  
  52  4:04  Zerg Melee Weapons Level 1  
  52  4:05  Zergling x4  
  54  4:15  Zergling x12  
  60  4:21  Overlord  
  60  4:25  Zergling x6  
  60  4:26  Zergling x2  
  60  4:28  Baneling  
  60  4:29  Baneling x3  
  64  4:35  Zergling x2  
  61  4:48  Zergling x2  
  61  4:49  Zergling x12  
  66  4:54  Zergling x16  
  66  4:58  Baneling x2  
  68  5:08  Zergling x6  
  67  5:15  Zergling x4  
  67  5:19  Baneling  
  68  5:23  Overlord  
  60  5:36  Zergling x14  
  60  5:41  Zergling x4  
  66  5:44  Zergling x8  
  63  5:50  Baneling x2  
  63  5:52  Zergling x2  
  63  5:55  Zergling x8  
  67  6:01  Baneling x5  
  67  6:02  Zergling x4  
  67  6:03  Overlord  
  69  6:11  Zergling x10  
  69  6:21  Zergling x10  
  69  6:23  Queen  
  71  6:27  Zergling x2  
  71  6:28  Zergling x8  
  71  6:33  Queen  
  69  6:40  Zergling x16  
  69  6:43  Baneling  
  69  6:45  Drone  
  73  6:52  Zergling x4  
  67  6:59  Zergling x4  
  67  7:00  Queen  
  69  7:05  Lair  
  69  7:07  Zergling x12  
  70  7:17  Zergling x8  
  70  7:20  Queen  
  72  7:29  Zergling x8  
  70  7:30  Zerg Ground Armor Level 1  
  70  7:35  Queen  
  66  7:48  Zergling x2  
  66  7:49  Zergling x18  
  75  7:55  Queen  
  76  8:04  Zergling x12  
  77  8:09  Extractor  
  75  8:19  Queen  
  72  8:21  Zergling x16  
  72  8:24  Overlord  
  82  8:27  Overlord  
  82  8:32  Nydus Network  
  79  8:36  Overlord  
  79  8:37  Overlord  
  77  8:45  Overlord  
  77  8:46  Queen  
  74  8:50  Zergling x2  
  74  8:51  Zergling x8  
  78  9:01  Zergling x4  
  78  9:11  Nydus Canal  
  78  9:13  Zergling x8  
  77  9:20  Zergling x4  
  73  9:33  Zergling x2  
  73  9:34  Zergling x4  
  73  9:37  Spore Crawler x2  
  71  9:43  Baneling  
  71  9:44  Baneling x6  
  70  9:52  Drone, Spore Crawler x2  
  67  9:53  Drone, Queen  
  67  9:57  Drone x6  
  67  9:59  Spore Crawler  
  66  10:04  Nydus Canal  
  65  10:10  Drone x13  
  55  10:24  Spore Crawler  
  55  10:25  Spore Crawler  

Tags
 
Add a new tag
Caveats
  • Supply blocks, unpowered buildings, or Contaminate may cause inaccurate times.
  • Supply counts are checked every 10 seconds.